 Dungeon Crawl Stone Soup version 0.17-a0-1920-gafa4d75 (webtiles) character file.

858 kosy22 the Ducker (level 7, -10/68 HPs)
             Began as a Troll Fighter on Sept 27, 2015.
             Engulfed by a cloud of freezing vapour (22 damage)
             ... on level 5 of the Dungeon.
             The game lasted 00:16:57 (4724 turns).

kosy22 the Ducker (Troll Fighter)                   Turns: 4724, Time: 00:16:58

Health: -10/68     AC:  5    Str: 27    XL:     7   Next: 71%
Magic:  6/6        EV:  7    Int:  4    God:
Gold:   236        SH: 15    Dex:  7    Spells: 0 memorised, 6 levels left

rFire  . . .     SeeInvis +       - Unarmed
rCold  . . .     Rnd*Rage +     a - +0 robe
rNeg   . . .     SustAt   .     k - +0 large shield
rPois  .         Gourm    +     (helmet restricted)
rElec  .         Spirit   .     (no cloak)
rCorr  +         Warding  .     (gloves unavailable)
rMut   .         Stasis   .     (boots unavailable)
MR     .....                    r - amulet of resist corrosion
Stlth  +.........               (no ring)
                                c - ring of flight

@: not resistant to hostile enchantments, very unstealthy
A: unfitting armour, claws 3, see invisible, berserk 1, clumsy 1, fast
metabolism 3, gourmand, regeneration 2, shaggy fur 1, tough skin 2
a: Evoke Flight


You were on level 5 of the Dungeon.
You were not hungry.

You visited 1 branch of the dungeon, and saw 5 of its levels.

You collected 236 gold pieces.

Inventory:

Missiles
 e - 5 tomahawks (quivered)
 o - 7 needles of paralysis
Armour
 a - a +0 robe (worn)
 b - a +0 shield
 k - a +0 large shield (worn)
Jewellery
 c - a ring of flight (left claw)
 r - an amulet of resist corrosion (around neck)
Scrolls
 d - 3 scrolls of teleportation
 f - a scroll of fog
 h - a scroll of blinking
 i - 2 scrolls of remove curse
 j - a scroll of immolation {unknown}
 n - a scroll of fear
Potions
 s - a potion of beneficial mutation
Comestibles
 g - a slice of pizza
 m - a meat ration


   Skills:
 + Level 3.7 Fighting
 + Level 5.2 Dodging
 + Level 0.5 Stealth
 + Level 4.2 Shields
 + Level 4.2 Unarmed Combat


You had 6 spell levels left.
You didn't know any spells.

Dungeon Overview and Level Annotations

Branches:
Dungeon (5/15)
 Temple: D:4-7

Altars:
Ashenzari
Fedhas
Gozag


Innate Abilities, Weirdness & Mutations

You are too large for most types of armour.
You have claws for hands.
Your metabolism is lightning-fast.
You like to eat raw meat.
You heal very quickly.
You are covered in fur (AC +1).
You have very tough skin (AC +2).
You have supernaturally acute eyesight.
You tend to lose your temper in combat.
You are clumsy. (Dex -2)


Message History

There is an open door here.
Really walk into that cloud of freezing vapour?
Okay, then.
Really walk into that cloud of freezing vapour?
You are engulfed in freezing vapours.
You are engulfed in freezing vapours.
You start resting.
HP restored.
Really walk into that cloud of freezing vapour?
You are engulfed in freezing vapours.
Really walk into that cloud of freezing vapour?
You are engulfed in freezing vapours.
You start resting.
You are engulfed in freezing vapours.
* * * LOW HITPOINT WARNING * * *
You are engulfed in freezing vapours.
* * * LOW HITPOINT WARNING * * *
Drink which item? (? for menu, Esc to quit)
You feel better.
You are engulfed in freezing vapours.
You die...

#######...#...##......
#...........>..'......
#.#####...#...##......
#.#########...##......
#...8.#(####'###......
#.#.'.#[## #.# ######.
#.##8§#(## #.# ##
#.###§#!## #.#########
#.###@#%## #.#........
#.###§#§####.#........
#.###§#§#.............
#.###§#§#.####........
#.###§#§#.# #........
##§#§#.# #........
##§#§#.# #........
##§#§#.# #.#######
##§#§#.####+### ###


There were no monsters in sight!

Vanquished Creatures
  A phantom (D:4)
  3 crimson imps
  A centaur skeleton (D:5)
  3 orc priests (D:3)
  2 worker ants (D:4)
  A giant frog skeleton (D:5)
  2 hounds
  An iguana (D:5)
  3 orc wizards
  A hound skeleton (D:4)
  15 adders
  2 oozes
  4 worms
  8 giant geckos
  13 orcs
  3 ball pythons
  8 giant cockroaches
  4 goblins
  7 hobgoblins
  8 jackals
  6 quokkas
  6 bats
  A giant gecko skeleton (D:4)
  9 giant newts
  6 kobolds
  8 rats
126 creatures vanquished.

Notes
Turn   | Place    | Note
--------------------------------------------------------------
     0 | D:1      | kosy22 the Troll Fighter began the quest for the Orb.
     0 | D:1      | Reached XP level 1. HP: 22/22 MP: 0/0
   191 | D:1      | Reached XP level 2. HP: 27/29 MP: 1/1
   653 | D:2      | Reached XP level 3. HP: 33/36 MP: 2/2
   670 | D:2      | Reached skill level 3 in Dodging
  1087 | D:2      | Found a shattered altar of Ashenzari.
  1093 | D:2      | Reached XP level 4. HP: 44/44 MP: 3/3
  1834 | D:3      | Reached XP level 5. HP: 52/52 MP: 4/4
  1976 | D:3      | Gained mutation: You tend to lose your temper in combat. [potion of mutation]
  1976 | D:3      | Gained mutation: You are clumsy. (Dex -2) [potion of mutation]
  1984 | D:3      | Reached skill level 4 in Dodging
  2159 | D:3      | Reached XP level 6. HP: 56/61 MP: 5/5
  2773 | D:3      | Found a blossoming altar of Fedhas.
  3300 | D:4      | Reached XP level 7. HP: 65/67 MP: 6/6
  3510 | D:4      | Gained mutation: You have supernaturally acute eyesight. [potion of beneficial mutation]
  3897 | D:5      | Entered Level 5 of the Dungeon
  3972 | D:5      | Reached skill level 5 in Dodging
  4072 | D:5      | Found an opulent altar of Gozag.
  4724 | D:5      | Engulfed by a cloud of freezing vapour

Vault maps used:
D:1:      saegor_arrival_simple_a
D:2:      nicolae_overflow_crystal_walls, hangedman_feature_mirror
D:3:      overflow_temple_1_default
D:4:      first_bread, st_stairs_5
D:5:      lemuel_ice_spiral_2, nicolae_gozag_cash_rules_everything_around_me

Action                   |  1- 3 |  4- 6 |  7- 9 || total
-------------------------+-------+-------+-------++-------
Melee: Unarmed           |    98 |   230 |   134 ||   462
  Use: Potion            |       |     6 |     5 ||    11
       Scroll            |       |     9 |       ||     9
 Stab: Sleeping          |       |     1 |       ||     1
  Eat: Bread ration      |     1 |     1 |     2 ||     4
       Chunk             |     9 |     5 |     3 ||    17
       Meat ration       |       |     1 |       ||     1
       Pizza             |       |     1 |       ||     1
       Beef jerky        |       |       |     1 ||     1
